 Dungeon Crawl Stone Soup version 0.21-a0-286-g6fcecc0 (webtiles) character file.

111314 sweep the Warrior (level 16, -5/151 HPs)
             Began as a Centaur Gladiator on Sept 25, 2017.
             Was a High Priest of Okawaru.
             Slain by a guardian serpent (7 damage)
             ... on level 3 of the Snake Pit.
             The game lasted 01:05:45 (33171 turns).

sweep the Warrior (Centaur Gladiator)              Turns: 33171, Time: 01:05:46

Health: -5/151     AC: 40    Str: 19    XL:     16   Next: 9%
Magic:  24/30      EV:  0    Int:  7    God:    Okawaru [*****.]
Gold:   765        SH:  0    Dex: 12    Spells: 15/15 levels left

rFire    + + +     SeeInvis .   t - +2 glaive of Harmony {holy, rC+ MR++ MP+9 Str-4}
rCold    + . .     Gourm    .   (shield currently unavailable)
rNeg     . . .     Faith    +   K - +6 crystal plate armour
rPois    +         Spirit   .   c - +0 helmet
rElec    +         Reflect  .   R - +2 cloak {rPois}
rCorr    .         Harm     .   X - +2 pair of gloves {archery}
MR       ++++.                  F - +0 centaur barding
Stlth    ..........             l - amulet of faith
HPRegen  0.35/turn              B - ring "Qyeff" {rF++ AC+6 Int+2}
MPRegen  0.22/turn              z - ring "Jeesec" {+Fly rElec rF+ MR+ Int-2}

@: confused, lethally poisoned (-5 -> -61), about to teleport, very slightly
contaminated, invisible, very quick
A: hooves 3, deformed body, speed 2, tough skin 3
a: Heroism, Finesse, Renounce Religion, Evoke Flight


You were on level 3 of the Snake Pit.
You worshipped Okawaru.
Okawaru was extremely pleased with you.
You were not hungry.

You visited 4 branches of the dungeon, and saw 25 of its levels.

You collected 2232 gold pieces.
You spent 1467 gold pieces at shops.

Inventory:

Hand Weapons
 a - a +2 glaive of protection
 t - the +2 glaive of Harmony (weapon) {holy, rC+ MR++ MP+9 Str-4}
   (Okawaru gifted it to you on level 2 of the Lair of Beasts)

   It has been blessed by the Shining One to cause great damage to the undead
   and demons.
   It affects your strength (-4).
   It protects you from cold.
   It affects your resistance to hostile enchantments.
   It affects your magic capacity (+9).
 v - a +3 longbow of freezing
 L - a +0 shortbow of venom
 W - a +4 trident of venom
 Z - the +8 whip "Snakebite" {curare, rPois}
   (You found it on level 4 of the Lair of Beasts)

   It poisons the flesh of those it strikes.
   It protects you from poison.
Missiles
 d - 4 throwing nets (quivered)
 g - 548 arrows
Armour
 b - a +2 pair of gloves of strength
 c - a +0 helmet (worn)
 F - a +0 centaur barding (worn)
 K - a +6 crystal plate armour (worn)
 N - a +1 pair of gloves
 R - a +2 cloak of poison resistance (worn)
 X - a +2 pair of gloves of archery (worn)
Jewellery
 l - an amulet of faith (around neck)
 y - the ring of Maliuzeo {rPois rN++ Dex-5}
   (You found it on level 15 of the Dungeon)

   [ring of poison resistance]

   It affects your dexterity (-5).
   It protects you from poison.
   It greatly protects you from negative energy.
 z - the ring "Jeesec" (right hand) {+Fly rElec rF+ MR+ Int-2}
   (You bought it in a shop on level 13 of the Dungeon)

   [ring of protection from magic]

   It affects your intelligence (-2).
   It protects you from fire.
   It insulates you from electricity.
   It affects your resistance to hostile enchantments.
   It lets you fly.
 B - the ring "Qyeff" (left hand) {rF++ AC+6 Int+2}
   (You found it on level 5 of the Lair of Beasts)

   [ring of protection]

   It affects your AC (+6).
   It affects your intelligence (+2).
   It greatly protects you from fire.
 Y - an uncursed amulet of the gourmand
Wands
 h - a wand of scattershot (5/9)
 j - a wand of iceblast (15/15)
 s - a wand of acid (5/15)
 w - a wand of lightning (6/15)
 E - a wand of acid (7/15)
 J - a wand of acid (6/15)
 V - a wand of clouds (2/9)
Scrolls
 i - 2 scrolls of identify
 p - 5 scrolls of fog
 r - 7 scrolls of remove curse
 M - 6 scrolls of recharging
 O - a scroll of enchant armour
Potions
 e - 4 potions of haste
 k - 7 potions of agility
 m - a potion of flight
 o - a potion of might
 q - 3 potions of lignification
 u - 4 potions of invisibility
 A - 3 potions of brilliance
 C - 2 potions of ambrosia
 D - 3 potions of mutation
 H - 4 potions of magic
 I - 2 potions of resistance
 T - a potion of cancellation
Comestibles
 f - 8 bread rations
 n - 9 royal jellies
 G - 10 meat rations
 P - 2 fruits
 Q - 2 chunks of flesh


   Skills:
 - Level 16.2 Fighting
 - Level 9.1(10.1) Maces & Flails
 - Level 11.5(12.2) Polearms
   Level 7.1(11.6) Staves
 + Level 14.8 Bows
 - Level 2.5 Throwing
 - Level 8.1 Armour
 - Level 2.3 Dodging
 - Level 6.8 Invocations


You had 15 spell levels left.
You didn't know any spells.

Dungeon Overview and Level Annotations

Branches:
Dungeon (15/15)            Temple (0/1) D:6            Lair (5/6) D:8
  Swamp (0/4) Lair:4        Snake (3/4) Lair:2        Slime (0/5) Lair:5
    Orc (2/2) D:12            Elf (0/3) Orc:2        Vaults (0/5) D:13
 Depths (0/5) D:15

Altars:
Ashenzari
Cheibriados
Dithmenos
Hepliaklqana
Kikubaaqudgha
Nemelex Xobeh
Okawaru
Qazlal
Trog
Xom
Beogh
Jiyva

Shops:
D:8 !*(   D:13 =?}   D:14 [   Orc:1 [   Orc:2 ?(*?   Snake:1 (=*(

Annotations:
D:14 1 runed door, exclusion: orange crystal statue
Snake:1 exclusion: oklob plant
Snake:2 Frances


Innate Abilities, Weirdness & Mutations

You have hooves in place of feet.
Armour fits poorly on your strangely shaped body.
You cover ground very quickly.
You have extremely tough skin. (AC +3)


Message History

The bolt of poison hits you!
You are more poisoned.
You resist.
The bolt of poison hits the black mamba.
The black mamba bites you but does no damage.
The guardian serpent hits you but does no damage.
The black mamba bites you.
* * * LOW HITPOINT WARNING * * *
You are more poisoned.
The black mamba poisons you!
The guardian serpent completely misses you.
Unknown command.
You are confused.
You feel invigorated.
* * * LOW HITPOINT WARNING * * *
You feel very sick. The black mamba bites you.
* * * LOW HITPOINT WARNING * * *
The guardian serpent hits you!
You die...

..... .. ......
...## ......
....#. ....#
..%... ..
...####.#...
....##...#S.....
#....S...# ..
#...#.S#S## ..
..... ##S@S.# #.
.... ##SS....#
#. ... ##S.#.##
.. #....# . #...
#...# ### ....#
##.. ....# #...
.....##...


You could see 3 guardian serpents, 5 black mambas and a ball python.

Vanquished Creatures
  Nikola (Snake:3)
  3 nagarajas
  The ghost of zero the Severer, a journeyman MiBe of Trog (Orc:2)
  An orc warlord (Orc:2)
  A stone giant (Orc:1)
  The ghost of 4thArraOfDagon the Arsonist, a journeyman BaFE of Vehumet (Orc:2)
  Azrael (D:15)
  Fannar (Lair:3)
  A yaktaur captain (D:15)
  A fire dragon (D:14)
  Erolcha (Orc:2)
  4 vault guards (D:13)
  4 naga warriors
  2 hydras
  3 centaur warriors
  Erica (Orc:1)
  3 anacondas
  3 two-headed ogres (D:15)
  An ogre mage (D:14)
  2 naga sharpshooters
  3 orc high priests (Orc:2)
  Urug (D:11)
  3 shock serpents
  5 skeletal warriors (D:14)
  2 salamander mystics
  The ghost of Dominolapin the Skirmisher, a novice OgAE of Cheibriados (D:6)
  A deep elf archer (D:14)
  4 orc knights (Orc:2)
  2 naga ritualists (Snake:2)
  A necromancer (Lair:3)
  4 mana vipers
  7 cyclopes
  A manticore (shapeshifter) (D:15)
  7 deep elf magi
  4 ugly things
  7 salamanders
  4 orc sorcerers (Orc:2)
  2 manticores
  3 centaur zombies
  4 elephants (Lair:5)
  Maurice (D:10)
  17 black mambas
  A guardian serpent (shapeshifter) (D:14)
  4 guardian serpents
  Psyche (D:9)
  2 gargoyles
  9 naga magi
  6 spiny frogs
  13 kobold demonologists
  A rime drake (Lair:3)
  4 komodo dragons (Lair:5)
  An efreet (D:15)
  A freezing wraith (D:14)
  A tengu conjurer (D:14)
  2 polar bears (Lair:5)
  A merfolk (D:13)
  A meliai (shapeshifter) (D:15)
  A hornet (D:11)
  Prince Ribbit (D:5)
  7 trolls
  21 slime creatures
  A wind drake (shapeshifter) (D:15)
  9 blink frogs
  A slime creature (shapeshifter) (D:15)
  2 tyrant leeches (Lair:4)
  10 hippogriffs
  2 centaur simulacra
  3 wraiths
  A spriggan (shapeshifter) (D:14)
  4 fire elementals (D:15)
  A tarantella (shapeshifter) (D:15)
  3 shadows
  19 yaks
  A basilisk (shapeshifter) (D:15)
  3 fire bats (D:5)
  A basilisk (D:15)
  2 wyverns
  A hungry ghost (D:14)
  4 vampire mosquitoes (D:13)
  2 wargs
  2 swamp worms (Lair:4)
  An acid dragon (D:12)
  17 nagas
  12 water moccasins
  3 hell hounds (D:15)
  24 orc warriors
  8 porcupines
  3 ice beasts
  A hornet zombie (D:14)
  2 phantoms
  A black bear (Lair:5)
  3 boggarts (D:15)
  A sky beast (D:12)
  A necrophage (D:8)
  18 ogres
  5 wolves (Lair:3)
  8 crocodiles
  11 centaurs
  7 big kobolds
  10 bullfrogs
  6 scorpions
  13 killer bees
  2 water moccasin skeletons
  2 howler monkeys
  2 vampire bats (D:3)
  8 wights
  13 crimson imps
  7 electric eels
  2 quasits
  2 bullfrog skeletons
  A bullfrog zombie (D:4)
  3 jellies
  4 hounds
  19 orc wizards
  11 orc priests
  4 centaur skeletons
  Jessica (D:3)
  3 iguanas
  12 worker ants
  4 yak simulacra (Lair:3)
  3 wolf simulacra (Lair:3)
  A hound skeleton (D:6)
  A howler monkey zombie (D:7)
  12 adders
  7 shadow imps
  An ooze (D:1)
  2 worms (D:2)
  6 dart slugs
  6 leopard geckos
  56 orcs
  3 bat skeletons (D:3)
  4 bat zombies (D:3)
  4 giant cockroaches
  9 goblins
  5 hobgoblins
  20 kobolds
  7 quokkas
  9 bats
  9 frilled lizards
  A jackal zombie (D:5)
  6 rats
  4 river rat simulacra (Lair:3)
701 creatures vanquished.

Vanquished Creatures (others)
  A naga sharpshooter (Snake:1)
  A naga (Snake:1)
  A boggart (D:15)
  An orc priest (Orc:2)
  An orc wizard (D:12)
  A bush (Lair:2)
  2 fungi (Lair:2)
  A plant (Lair:2)
9 creatures vanquished.

Grand Total: 710 creatures vanquished

Notes
Turn   | Place    | Note
-------+----------+-------------------------------------------
     0 | D:1      | sweep the Centaur Gladiator began the quest for the Orb.
     0 | D:1      | Reached XP level 1. HP: 17/17 MP: 1/1
   182 | D:1      | Reached XP level 2. HP: 24/24 MP: 2/2
  1104 | D:2      | Reached XP level 3. HP: 30/30 MP: 3/3
  1595 | D:2      | Found an iron altar of Okawaru.
  1611 | D:2      | Became a worshipper of Warmaster Okawaru
  1622 | D:2      | Found a sparkling altar of Nemelex Xobeh.
  1706 | D:2      | Noticed a moth of wrath
  1709 | D:2      | Found a bloodstained altar of Trog.
  1869 | D:3      | Reached XP level 4. HP: 35/37 MP: 4/4
  2378 | D:3      | Noticed Jessica
  2383 | D:3      | Killed Jessica
  2383 | D:3      | Reached skill level 3 in Fighting
  2615 | D:3      | Found an ancient bone altar of Kikubaaqudgha.
  2623 | D:3      | Reached XP level 5. HP: 43/45 MP: 5/5
  2944 | D:4      | Reached * piety under Okawaru
  2944 | D:4      | Reached skill level 5 in Staves
  2947 | D:4      | Noticed an ogre
  2951 | D:4      | Reached XP level 6. HP: 40/52 MP: 6/6
  2956 | D:4      | Reached skill level 4 in Fighting
  3428 | D:4      | Reached ** piety under Okawaru
  3428 | D:4      | Reached XP level 7. HP: 26/60 MP: 4/7
  3705 | D:4      | Reached skill level 5 in Fighting
  3983 | D:4      | Got an ebony spear
  3986 | D:4      | Identified the +7 spear "Idwikhlojumn" {pierce, Fragile rF+++ Str+4} (You found it on level 4 of the Dungeon)
  4294 | D:5      | Entered Level 5 of the Dungeon
  4299 | D:5      | Reached skill level 1 in Polearms
  4307 | D:5      | Reached XP level 8. HP: 69/69 MP: 5/8
  4453 | D:5      | Reached *** piety under Okawaru
  4453 | D:5      | Reached skill level 6 in Fighting
  4585 | D:5      | Found a transporter.
  5102 | D:5      | Noticed Prince Ribbit
  5109 | D:5      | Killed Prince Ribbit
  5621 | D:5      | Reached skill level 7 in Fighting
  5716 | D:5      | Found a transporter.
  5766 | D:5      | Reached **** piety under Okawaru
  5775 | D:5      | Reached skill level 5 in Polearms
  5775 | D:5      | Reached XP level 9. HP: 55/81 MP: 9/9
  6107 | D:6      | Reached skill level 8 in Fighting
  6501 | D:6      | Noticed Dominolapin's ghost (novice OgAE)
  6524 | D:6      | Killed Dominolapin's ghost
  6524 | D:6      | Reached ***** piety under Okawaru
  6947 | D:6      | Found a staircase to the Ecumenical Temple.
  6969 | D:6      | Reached skill level 9 in Fighting
  7350 | D:6      | Found a shadowy altar of Dithmenos.
  8322 | D:8      | Reached XP level 10. HP: 66/91 MP: 7/10
  8619 | D:8      | Found Uter's Antique Weapon Boutique.
  8811 | D:8      | Found Yrupros's Distillery.
  8819 | D:8      | Bought a potion of haste for 140 gold pieces
  8886 | D:8      | Received a gift from Okawaru
  8930 | D:8      | Found a staircase to the Lair.
  8953 | D:8      | Reached skill level 10 in Fighting
  9000 | D:8      | Found a hazy altar of Hepliaklqana.
  9061 | D:8      | Found Haore's Assorted Antiques.
  9171 | D:8      | Bought a glowing cloak for 240 gold pieces
  9404 | D:9      | Found a shattered altar of Ashenzari.
  9479 | D:9      | Found a snail-covered altar of Cheibriados.
  9479 | D:9      | Found a shimmering altar of Xom.
  9565 | D:9      | Noticed Psyche
  9582 | D:9      | Killed Psyche
  9909 | D:10     | Entered Level 10 of the Dungeon
 10403 | D:10     | Noticed Maurice
 10407 | D:10     | Noticed a deep elf mage
 10414 | D:10     | Noticed a sun demon
 10482 | D:10     | Killed Maurice
 10496 | D:10     | Killed a deep elf mage
 11168 | Lair:1   | Entered Level 1 of the Lair of Beasts
 11202 | Lair:1   | Noticed a spiny frog
 11211 | Lair:1   | Killed a spiny frog
 11211 | Lair:1   | Reached skill level 11 in Fighting
 11373 | Lair:1   | Received a gift from Okawaru
 11722 | Lair:1   | Noticed a black mamba
 11735 | Lair:1   | Killed a black mamba
 12323 | Lair:2   | Reached XP level 11. HP: 94/101 MP: 11/11
 12549 | Lair:2   | Found a staircase to the Snake Pit.
 12657 | Lair:2   | Reached skill level 12 in Fighting
 12663 | Lair:2   | Reached skill level 10 in Polearms
 12986 | Lair:2   | Noticed a five-headed hydra
 12996 | Lair:2   | Killed a five-headed hydra
 12996 | Lair:2   | Reached ****** piety under Okawaru
 13155 | Lair:2   | Received a gift from Okawaru
 13162 | Lair:2   | Got a smoking glaive {god gift}
 13163 | Lair:2   | Identified the +2 glaive of Harmony {holy, rC+ MR++ MP+9 Str-4} (Okawaru gifted it to you on level 2 of the Lair of Beasts)
 14290 | Lair:3   | Noticed Fannar
 14307 | Lair:3   | Killed Fannar
 14307 | Lair:3   | Reached skill level 13 in Fighting
 14307 | Lair:3   | Reached skill level 1 in Invocations
 14401 | Lair:3   | Received a gift from Okawaru
 14910 | Lair:3   | Noticed a necromancer
 14917 | Lair:3   | Killed a necromancer
 14917 | Lair:3   | Reached XP level 12. HP: 114/114 MP: 10/14
 15159 | Lair:4   | Noticed a seven-headed hydra
 15177 | Lair:4   | Killed a seven-headed hydra
 15257 | Lair:4   | Got a spiked scale mail
 15268 | Lair:4   | Identified the +5 scale mail of the Duke {Int+7} (You found it on level 4 of the Lair of Beasts)
 15478 | Lair:4   | Found a staircase to the Swamp.
 16110 | Lair:4   | Found the +8 whip "Snakebite" {curare, rPois}
 16460 | Lair:5   | Reached skill level 5 in Invocations
 16465 | Lair:5   | Reached skill level 1 in Armour
 16702 | Lair:5   | Received a gift from Okawaru
 17297 | Lair:5   | Found a viscous altar of Jiyva.
 17298 | Lair:5   | Found a staircase to the Slime Pits.
 17430 | Lair:5   | Got a vibrating golden ring
 17959 | D:11     | Reached skill level 1 in Maces & Flails
 17966 | D:11     | Reached skill level 14 in Fighting
 18403 | D:11     | Noticed Urug
 18412 | D:11     | Killed Urug
 18797 | D:11     | Reached XP level 13. HP: 98/123 MP: 18/18
 19613 | D:12     | Found a staircase to the Orcish Mines.
 20087 | D:12     | Identified the ring "Qyeff" {rF++ AC+6 Int+2} (You found it on level 5 of the Lair of Beasts)
 20594 | Orc:1    | Entered Level 1 of the Orcish Mines
 20594 | Orc:1    | Noticed an orc warlord
 20641 | Orc:1    | Noticed a stone giant
 20660 | Orc:1    | Killed a stone giant
 20660 | Orc:1    | Received a gift from Okawaru
 21029 | Orc:2    | Entered Level 2 of the Orcish Mines
 21029 | Orc:2    | Found a staircase to the Elven Halls.
 21041 | Orc:2    | Noticed 4thArraOfDagon's ghost (journeyman BaFE)
 21081 | Orc:2    | Killed 4thArraOfDagon's ghost
 21098 | Orc:2    | Noticed zero's ghost (journeyman MiBe)
 21122 | Orc:2    | Killed zero's ghost
 21122 | Orc:2    | Received a gift from Okawaru
 21395 | Orc:2    | Found a roughly hewn altar of Beogh.
 21502 | Orc:2    | Noticed Erolcha
 21510 | Orc:2    | Killed Erolcha
 21510 | Orc:2    | Reached skill level 5 in Armour
 21674 | Orc:2    | Found Inwel's Magic Scroll Emporium.
 21695 | Orc:2    | Reached skill level 5 in Maces & Flails
 22207 | Orc:2    | Found Noyngyzu's General Store.
 22213 | Orc:2    | Reached skill level 15 in Fighting
 22668 | Orc:2    | Found Quceukypn's Antique Weapon Shop.
 22668 | Orc:2    | Found Fapsac's Magic Scroll Shop.
 22705 | Orc:2    | Bought a scroll of identify for 34 gold pieces
 22705 | Orc:2    | Bought a scroll of identify for 34 gold pieces
 22705 | Orc:2    | Bought a scroll of identify for 34 gold pieces
 22705 | Orc:2    | Bought a scroll of identify for 34 gold pieces
 22715 | Orc:2    | Bought a scroll of identify for 28 gold pieces
 22715 | Orc:2    | Bought a scroll of identify for 28 gold pieces
 22715 | Orc:2    | Bought a scroll of enchant armour for 105 gold pieces
 23027 | Orc:2    | Killed an orc warlord
 23027 | Orc:2    | Received a gift from Okawaru
 23027 | Orc:2    | Reached skill level 1 in Bows
 23440 | Orc:1    | Found Vasiq's Armour Boutique.
 23526 | Orc:1    | Noticed Erica
 23537 | Orc:1    | Killed Erica
 23558 | Orc:1    | Reached XP level 14. HP: 123/135 MP: 19/19
 23680 | D:13     | Found Apsucick's Jewellery Emporium.
 23701 | D:13     | Bought the ring "Jeesec" {+Fly rElec rF+ MR+ Int-2} for 790 gold pieces
 24212 | D:13     | Received a gift from Okawaru
 24337 | D:13     | Received a gift from Okawaru
 24421 | D:13     | Found a gate to the Vaults.
 24660 | D:13     | Found Qyakamn's Magic Scroll Shoppe.
 24661 | D:13     | Found Gunauwex's Gadget Shop.
 25251 | D:14     | Found Saxt's Armour Shop.
 25658 | D:14     | Reached skill level 5 in Bows
 25668 | D:14     | Received a gift from Okawaru
 25771 | D:14     | Received a gift from Okawaru
 26052 | D:14     | Found a runed door.
 26626 | D:14     | Found the +6 lightning scales {run, rElec}
 26871 | D:14     | Reached skill level 16 in Fighting
 27179 | D:14     | Found the +7 great mace "Undeadhunter" {disrupt, rN+}
 27222 | D:15     | Entered Level 15 of the Dungeon
 27420 | D:15     | Received a gift from Okawaru
 27712 | D:15     | Received a gift from Okawaru
 27763 | D:15     | Reached XP level 15. HP: 134/144 MP: 20/20
 27830 | D:15     | Got a scintillating wooden ring
 27833 | D:15     | Identified the ring of Maliuzeo {rPois rN++ Dex-5} (You found it on level 15 of the Dungeon)
 27937 | D:15     | Noticed Azrael
 27970 | D:15     | Killed Azrael
 28986 | D:15     | Found a staircase to the Depths.
 29603 | Snake:1  | Entered Level 1 of the Snake Pit
 29651 | Snake:1  | Found a stormy altar of Qazlal.
 29677 | Snake:1  | Found Ezeil's Jewellery Boutique.
 29695 | Snake:1  | Received a gift from Okawaru
 29705 | Snake:1  | Found Kidasude's Antique Weapon Shop.
 29705 | Snake:1  | Found Dirphoap's Antique Weapon Boutique.
 29757 | Snake:1  | Found Ijiomiof's Assorted Antiques.
 30943 | Snake:2  | Reached skill level 10 in Bows
 31091 | Snake:2  | Received a gift from Okawaru
 31097 | Snake:2  | Noticed a nagaraja
 31139 | Snake:2  | Killed a nagaraja
 31324 | Snake:2  | Received a gift from Okawaru
 31622 | Snake:2  | Received a gift from Okawaru
 32350 | Snake:2  | Noticed Frances
 32350 | Snake:2  | Noticed a nagaraja
 32363 | Snake:3  | Noticed Nikola
 33031 | Snake:3  | Killed Nikola
 33116 | Snake:3  | Noticed a nagaraja
 33119 | Snake:3  | Noticed a nagaraja
 33126 | Snake:3  | Killed a nagaraja
 33126 | Snake:3  | Reached XP level 16. HP: 149/151 MP: 15/21
 33166 | Snake:3  | Received a gift from Okawaru
 33171 | Snake:3  | HP: 2/151 [black mamba (6)]
 33171 | Snake:3  | Slain by a guardian serpent

Vault maps used:
D:1:      sevenhm_arrival_forest_fort_large_4, serial_bayou_pond_e
D:2:      nemelex_xobeh_ov_fountains_minmay, tgw_trog, first_bread, st_stairs_4,
          okawaru_metal_pillars_1_2
D:3:      cheibrodos_greedy_goblins, kennysheep_vampire_church, uniq_jessica
D:4:      kennysheep_generic_room_4
D:5:      gammafunk_cloud_chamber, hex_intersection, uniq_prince_ribbit1
D:6:      marbit_many_paths, temple_fountains
D:7:      cheibrodos_quashed
D:8:      lemuel_crystal_altar, lair_entry_dummy, serial_shops,
          nicolae_shop_crystal, nicolae_shop_competitors_out_of_business,
          kennysheep_mini
D:9:      ashenzari_conservatory_becter, amethyst_overflow_temple_binary,
          uniq_psyche
D:10:     uniq_maurice
D:11:     minmay_four_partial_circles, serial_corexii_hall,
          corexii_hall_statues_l, corexii_hall_statues_t, uniq_urug
D:12:     orc_0_dummy
D:13:     lightli_vaults_fourway_checkpoint, serial_shops, nicolae_shop_stone,
          nicolae_shop_behind_doors, shop_statue, minivault_25_ag,
          hangedman_fish_farm
D:14:     minmay_connected_boxes_in_corner, serial_shops,
          nicolae_shop_window_shopping, minmay_holes, minmay_crystal_box
D:15:     gammafunk_enter_depths_forms, nicolae_water_bricks, uniq_azrael
Lair:1:   infiniplex_staircase_pool_2
Lair:2:   guppyfry_snake_entry_island, serial_bayou_shore_b, grunt_megastairs_4
Lair:3:   eino_house_with_fridge, uniq_fannar
Lair:4:   minmay_guarded_unrand_snakebite, minmay_swamp_entry_worms
Lair:5:   dpeg_slime_entry_enclosed_altar, gammafunk_lair_bear_cave,
          grunt_megastairs_3, serial_bayou_shore_b
Snake:1:  lemuel_oklob_altar, minmay_shoptagon
Snake:2:  spider_trap, uniq_frances
Snake:3:  nicolae_aizul_guard, spider_trap, hangedman_snake_corridor_cut,
          uniq_nikola, uniq_donald
Orc:1:    serial_shops, shop, uniq_erica
Orc:2:    st_orc_elflike, basic_altar, uniq_erolcha

Skill      XL: |  1  2  3  4  5  6  7  8  9 10 11 12 13 14 15 |
---------------+----------------------------------------------+-----
Staves         | 3 4 5 6 7 |  7.1
Fighting       | 3 4 5 7 9 11 13 14 15 16 | 16.2
Polearms       | 1 5 7 9 11 | 11.5
Invocations    | 2 6 |  6.8
Armour         | 3 5 7 8 |  8.1
Maces & Flails | 2 6 8 9 |  9.1
Bows           | 1 7 14 | 14.8
Throwing       | |  2.5
Dodging        | |  2.3

Action                   |  1- 3 |  4- 6 |  7- 9 | 10-12 | 13-15 | 16-18 || total
-------------------------+-------+-------+-------+-------+-------+-------++-------
Melee: Quarterstaff      |   105 |   122 |    41 |       |       |       ||   268
       Kick              |    20 |    23 |    70 |   229 |   452 |     9 ||   803
       Spear             |       |       |   221 |   596 |       |       ||   817
       Punch             |       |       |     2 |     7 |    13 |       ||    22
       Whip              |       |       |       |   105 |   778 |       ||   883
       Glaive            |       |       |       |       |   469 |    34 ||   503
       Trident           |       |       |       |       |    27 |       ||    27
 Fire: Longbow           |       |       |       |       |   327 |       ||   327
       Shortbow          |       |       |       |       |    25 |       ||    25
Throw: Throwing net      |       |       |     3 |     1 |       |       ||     4
Invok: Heroism           |       |     2 |     7 |    22 |    73 |       ||   104
       Finesse           |       |       |       |       |     5 |       ||     5
  Use: Scroll            |     4 |       |    16 |    15 |    22 |     2 ||    59
       Potion            |       |       |     1 |       |    13 |     3 ||    17
 Stab: Invisible         |       |       |       |       |       |     3 ||     3
  Eat: Chunk             |     1 |     5 |     8 |    18 |    12 |       ||    44
       Bread ration      |       |       |     1 |     2 |     4 |       ||     7
       Meat ration       |       |       |       |       |     2 |       ||     2
       Royal jelly       |       |       |       |       |     1 |       ||     1
Armor: Leather armour    |     6 |       |       |       |       |       ||     6
       Chain mail        |    84 |   100 |    63 |    22 |       |       ||   269
       Plate armour      |       |       |       |   133 |       |       ||   133
       Crystal plate arm |       |       |       |   173 |  1251 |    55 ||  1479
       Scale mail        |       |       |       |    31 |       |       ||    31
Dodge: Dodged            |    36 |    31 |    53 |   158 |   177 |     9 ||   464

Table legend:
 A = Spawn XP
 B = Non-spawn XP
 C = Spawn XP percentage of total XP
 D = Spawn monster count
 E = Non-spawn monster count
 F = Spawn count percentage of total count
 G = Total turns spent on level
                    A         B        C        D         E        F      G
               +---------+---------+-------+---------+---------+-------+---------
         Total |       0 |  159020 |   0.0 |       0 |     704 |   0.0 | 33171
               +---------+---------+-------+---------+---------+-------+---------
           D:1 |       0 |      39 |   0.0 |       0 |      18 |   0.0 |  1085
           D:2 |       0 |      41 |   0.0 |       0 |      21 |   0.0 |   692
           D:3 |       0 |     237 |   0.0 |       0 |      33 |   0.0 |  1123
           D:4 |       0 |     977 |   0.0 |       0 |      30 |   0.0 |  1483
           D:5 |       0 |    1702 |   0.0 |       0 |      23 |   0.0 |  1568
           D:6 |       0 |    1720 |   0.0 |       0 |      28 |   0.0 |  1480
           D:7 |       0 |     526 |   0.0 |       0 |       8 |   0.0 |   872
           D:8 |       0 |    1052 |   0.0 |       0 |      17 |   0.0 |   990
           D:9 |       0 |     892 |   0.0 |       0 |      13 |   0.0 |   784
          D:10 |       0 |    1632 |   0.0 |       0 |       6 |   0.0 |  1299
          D:11 |       0 |    5480 |   0.0 |       0 |      35 |   0.0 |  1828
          D:12 |       0 |    5465 |   0.0 |       0 |      49 |   0.0 |  1155
          D:13 |       0 |   13162 |   0.0 |       0 |      35 |   0.0 |  1463
          D:14 |       0 |   18334 |   0.0 |       0 |      57 |   0.0 |  2111
          D:15 |       0 |   19336 |   0.0 |       0 |      67 |   0.0 |  2182
        Lair:1 |       0 |    1215 |   0.0 |       0 |       5 |   0.0 |  1116
        Lair:2 |       0 |    7044 |   0.0 |       0 |      31 |   0.0 |  1448
        Lair:3 |       0 |    5431 |   0.0 |       0 |      30 |   0.0 |  1412
        Lair:4 |       0 |    3760 |   0.0 |       0 |      13 |   0.0 |  1366
        Lair:5 |       0 |    7016 |   0.0 |       0 |      26 |   0.0 |  1075
       Snake:1 |       0 |   10655 |   0.0 |       0 |      23 |   0.0 |  1333
       Snake:2 |       0 |   17732 |   0.0 |       0 |      31 |   0.0 |  1427
       Snake:3 |       0 |   15266 |   0.0 |       0 |      19 |   0.0 |   808
         Orc:1 |       0 |    3785 |   0.0 |       0 |      20 |   0.0 |   934
         Orc:2 |       0 |   16521 |   0.0 |       0 |      66 |   0.0 |  2137
               +---------+---------+-------+---------+---------+-------+---------
